 Dungeon Crawl Stone Soup version 0.31.0-11-ge490571c62 (webtiles) character file.

Game seed: 9244450798797541269

119 Arctor the Firebug (level 4, -2/24 HPs)
             Began as a Deep Elf Fire Elementalist on Feb 6, 2024.
             Killed from afar by Natasha (11 damage)
             ... with a magic dart
             ... on level 2 of the Dungeon.
             The game lasted 00:01:52 (2074 turns).

Arctor the Firebug (Deep Elf Fire Elementalist)     Turns: 2074, Time: 00:01:53

Health: -2/24      AC:  5    Str:  5    XL:     4   Next: 74%
Magic:  8/12       EV: 13    Int: 22    God:
Gold:   79         SH:  0    Dex: 15    Spells: 8/11 levels left

rFire   . . .        j - +1 short sword (venom)
rCold   . . .        (no shield)
rNeg    . . .        a - +0 robe
rPois   +            g - +0 helmet
rElec   .            (no cloak)
rCorr   .            e - +0 pair of gloves
SInv    .            k - +0 pair of boots
Will    .....        (no amulet)
Stlth   ++           f - ring of poison resistance
HPRegen 0.24/turn    (no ring)
MPRegen 0.13/turn

%: no passive effects
@: no status effects
A: no striking features
a: no special abilities


You were on level 2 of the Dungeon.
You visited 1 branch of the dungeon, and saw 2 of its levels.

You collected 79 gold pieces.

Inventory:

Hand Weapons
 j - a +1 short sword of venom (weapon)
Armour
 a - a +0 robe (worn)
 e - a +0 pair of gloves (worn)
 g - a +0 helmet (worn)
 k - a +0 pair of boots (worn)
Jewellery
 f - a ring of poison resistance (left hand)
Scrolls
 d - 2 scrolls of vulnerability {unknown}
 l - a scroll of poison {unknown}
Potions
 b - a potion of magic
 c - a potion of might {unknown}
 h - 2 potions of curing {unknown}
 i - 3 potions of heal wounds {unknown}


   Skills:
 + Level 3.5 Dodging
 + Level 3.6 Stealth
 + Level 4.0 Spellcasting
 + Level 2.3 Conjurations
 + Level 4.0 Fire Magic


You had 8 spell levels left.
You knew the following spells:

 Your Spells              Type           Power      Damage    Failure   Level
a - Foxfire               Conj/Fire      72%        2x1d7     3%          1
b - Scorch                Fire           44%        2d6       3%          2

Your spell library contained the following spells:

 Spells                   Type           Power      Damage    Failure   Level
 Inner Flame              Hex/Fire       13%        N/A       14%         3
 Volatile Blastmotes      Fire/Tloc      26%        2d12      14%         3
 Flame Wave               Conj/Fire      18%        2d7       30%         4


Dungeon Overview and Level Annotations

Branches:
Dungeon (2/15)

Altars:

Annotations:
D:2 Natasha


Message History

Natasha claws you.
You conjure some foxfire!
Natasha claws you.
You are too injured to fight recklessly!
Natasha is nearby!
You are too injured to fight recklessly!
Unknown command.
The foxfire hits Natasha.
You kill Natasha!
Natasha screams in pain as she dies!
Your Spellcasting skill increases to level 4!
Your Fire Magic skill increases to level 4!
You are too injured to fight recklessly!
Your foxfire dissipates!
Natasha, Servant of Life and Death comes into view.
Unknown command.
Natasha is nearby!
Natasha is nearby!
Natasha is nearby!
You conjure some foxfire!
Natasha hisses angrily.
You conjure some foxfire!
The foxfire hits Natasha.
Natasha is moderately wounded.
The foxfire hits Natasha.
Natasha is heavily wounded.
Natasha howls an incantation.
Natasha shimmers violently.
You conjure some foxfire!
The foxfire hits Natasha.
Natasha is severely wounded.
Natasha stares at you and mumbles some strange words.
The magic dart hits you.
Natasha is nearby!
You are too injured to fight recklessly!
The foxfire hits Natasha.
Natasha is severely wounded.
The foxfire hits Natasha.
Natasha is almost dead.
Natasha stares at you and mumbles some strange words.
The magic dart hits you!
You die...
Natasha begins licking her fur clean.

###)#######>...................
#.....# #.#.#................
#.....# #.#.#.....########...
#.....# #.#.#.....'.........#
#.....# #.#.#.....###.......#
#..<..# #.#.#.)...# #.......#
###########.#.#.....# #.......#
#......##'#§#h#.### ##'######
##......#...v@....# #.#
#...)†..#....§§...# #.#
####.......#.........# #.#
...'.........†.......# #.#
####.....##..........#####.#
##########................#
##...................#######
........####.........#
##.####.# #..)......#


You could see Natasha (ally target).

Vanquished Creatures
  Natasha (twice) (D:2)
  3 adders (D:2)
  2 ribbon worms (D:2)
  4 endoplasms
  2 giant cockroaches (D:1)
  3 goblins
  5 hobgoblins
  A quokka (D:1)
  7 ball pythons
  4 bats
  A frilled lizard (D:2)
  4 kobolds (D:2)
  2 rats (D:2)
40 creatures vanquished.

Vanquished Creatures (others)
  177 foxfires
177 creatures vanquished.

Grand Total: 217 creatures vanquished

Notes
Turn   | Place    | Note
-------+----------+-------------------------------------------
     0 | D:1      | Arctor the Deep Elf Fire Elementalist began the quest for
                  | the Orb.
     0 | D:1      | Reached XP level 1. HP: 10/10 MP: 6/6
   398 | D:1      | Reached XP level 2. HP: 8/15 MP: 4/8
   983 | D:2      | Learned a level 2 spell: Scorch
  1124 | D:2      | Identified the +1 ring mail "Obecu" {rElec rPois Regen+
                  | Dex-2}
  1163 | D:2      | Reached XP level 3. HP: 3/19 MP: 1/9
  1805 | D:2      | Noticed Natasha
  1815 | D:2      | Killed Natasha
  1816 | D:2      | Reached XP level 4. HP: 24/24 MP: 5/11
  2048 | D:2      | Noticed Natasha
  2056 | D:2      | Killed Natasha
  2068 | D:2      | Noticed Natasha
  2074 | D:2      | Killed from afar by Natasha

Illustrated notes

Levels and vault maps discovered:
D:1:      minmay_arrival_diagonal_passages, layout_rooms,
          minmay_misc_feat_rugged
D:2:      layout_basic, uniq_natasha

Skill      XL: |  1  2  3  4 |
---------------+-------------+-----
Stealth        | 3 |  3.6
Dodging        | 3 |  3.5
Conjurations   | 2 |  2.3
Spellcasting   | 4 |  4.0
Fire Magic     | 4 |  4.0

Action                     |  1- 3 |  4- 6 || total
---------------------------+-------+-------++-------
  Melee: Unarmed           |     9 |       ||     9
         Punch             |     1 |       ||     1
         Short sword       |     2 |     3 ||     5
   Cast: Foxfire           |    99 |    11 ||   110
         Scorch            |     5 |       ||     5
   Stab: Sleeping          |       |     1 ||     1
 Armour: Robe              |    21 |     6 ||    27
  Dodge: Dodged            |    31 |     2 ||    33
